 Dungeon Crawl Stone Soup version 0.20-b1-24-gb21faa7 (webtiles) character file.

765 Iflex the Spear-Bearer (level 7, -7/54 HPs)
             Began as a Merfolk Gladiator on May 25, 2017.
             Mangled by Duvessa
             ... wielding a +1 short sword of electrocution
              (13 damage)
             ... on level 4 of the Dungeon.
             The game lasted 00:12:37 (4303 turns).

Iflex the Spear-Bearer (Merfolk Gladiator)          Turns: 4303, Time: 00:12:37

Health: -7/54      AC:  7    Str: 14    XL:     7   Next: 81%
Magic:  7/7        EV: 15    Int:  8    God:
Gold:   157        SH:  0    Dex: 17    Spells: 6/6 levels left

rFire    . . .     SeeInvis .   a - +0 trident
rCold    . . .     Gourm    .   (no shield)
rNeg     . . .     Faith    .   b - +0 leather armour
rPois    .         Spirit   .   c - +0 helmet
rElec    .         Reflect  .   p - +2 cloak {MR+}
rCorr    .         Harm     .   (no gloves)
MR       ++...                  (no boots)
Stlth    ++........             (no amulet)
Regen    0.2/turn               m - ring of protection from magic
MPRegen  0.1/turn               (no ring)

@: no status effects
A: change form in water, swift swim, stealthy swim
a: no special abilities


You were on level 4 of the Dungeon.
You were not hungry.

You visited 1 branch of the dungeon, and saw 4 of its levels.
You also visited: Sewer.

You collected 157 gold pieces.

Inventory:

Hand Weapons
 a - a +0 trident (weapon)
Armour
 b - a +0 leather armour (worn)
 c - a +0 helmet (worn)
 p - a +2 cloak of magic resistance (worn)
Jewellery
 m - a ring of protection from magic (left hand)
Wands
 y - a wand of lightning (8/15)
Scrolls
 e - a scroll of remove curse
 k - a scroll of amnesia {unknown}
 n - a scroll of immolation
 q - 2 scrolls of fog
 B - a scroll of enchant weapon {unknown}
 C - a scroll of enchant armour {unknown}
Potions
 g - 2 potions of haste
 h - 2 potions of curing
 j - 2 potions of agility {unknown}
 l - 3 potions of invisibility {unknown}
 o - 2 potions of mutation {unknown}
 t - 4 potions of heal wounds {unknown}
 v - 2 potions of magic {unknown}
 w - a potion of brilliance {unknown}
 x - a potion of flight {unknown}
 z - a potion of might {unknown}
 A - a potion of ambrosia {unknown}
Books
 u - a book of Conjurations

   Spells                             Type                      Level
   a - Magic Dart                     Conjuration                  1
   b - Searing Ray                    Conjuration                  2
   c - Dazzling Spray                 Conjuration/Hexes            3
   d - Fulminant Prism                Conjuration/Hexes            4
   e - Force Lance                    Conjuration/Translocation    4
   f - Iskenderun's Mystic Blast      Conjuration                  4
Comestibles
 f - 2 bread rations
 i - a royal jelly
 r - 2 meat rations


   Skills:
 + Level 4.1 Fighting
 + Level 8.7 Polearms
 + Level 2.0 Throwing
 + Level 2.0 Armour
 + Level 6.1 Dodging
 + Level 3.4 Stealth


You had 6 spell levels left.
You didn't know any spells.

Dungeon Overview and Level Annotations

Branches:
Dungeon (4/15)
 Temple: D:4-7

Altars:
Cheibriados

Annotations:
D:4 Duvessa


Message History

Duvessa closely misses you.
You hit Duvessa but do no damage.
Duvessa is moderately wounded.
Duvessa closely misses you.
You hit Duvessa.
Duvessa is moderately wounded.
Duvessa hits you with a short sword of electrocution!
You are electrocuted!
* * * LOW HITPOINT WARNING * * *
You are too injured to fight recklessly!
You feel better. Duvessa barely misses you.
Duvessa hits you with a short sword of electrocution!
* * * LOW HITPOINT WARNING * * *
Things that are here:
a dagger; a robe Duvessa closely misses you.
Duvessa rages.
Duvessa closely misses you.
Duvessa hits you with a short sword of electrocution!
You die...

#..# #......#.# ...# #..#.#.#.#
...####### #........# ##.......#
#......### #######.## ###...## #
### ####..##### #...# #....
#####.........## #...######.###
....#.###..###.#####............<
....#.##...# #..@e...)......#.#..
...........###...................
....#.##......#..................
....#.#.....########.........##..
#####.......# #...###.......
###..<>.# #...# ###..... ##...##
#...# ###### ##.## #....
#######.# #####


You could see Duvessa (berserk).

Vanquished Creatures
  3 big kobolds (Sewer)
  2 scorpions (D:4)
  Dowan (D:4)
  A howler monkey (D:3)
  Crazy Yiuf (D:2)
  Jessica (D:2)
  3 gnolls (D:2)
  13 adders
  3 river rats
  2 oozes (Sewer)
  5 worms
  2 dart slugs
  3 leopard geckos
  5 orcs
  8 ball pythons
  5 giant cockroaches
  18 goblins
  12 hobgoblins
  14 kobolds
  3 quokkas
  8 bats
  7 frilled lizards
  A jackal skeleton (D:4)
  9 rats
130 creatures vanquished.

Notes
Turn   | Place    | Note
-------+----------+-------------------------------------------
     0 | D:1      | Iflex the Merfolk Gladiator began the quest for the Orb.
     0 | D:1      | Reached XP level 1. HP: 16/16 MP: 1/1
   263 | D:1      | Reached XP level 2. HP: 20/22 MP: 2/2
   693 | D:1      | Reached XP level 3. HP: 26/28 MP: 3/3
   851 | D:2      | Reached skill level 5 in Dodging
   860 | D:2      | Reached skill level 5 in Polearms
   860 | D:2      | Reached skill level 1 in Stealth
   865 | D:2      | Found a faded altar of an unknown god.
   877 | D:2      | Reached XP level 4. HP: 24/34 MP: 4/4
  1105 | D:2      | Found a snail-covered altar of Cheibriados.
  1205 | D:2      | Noticed Jessica
  1235 | D:2      | Killed Jessica
  1337 | D:2      | Reached XP level 5. HP: 40/40 MP: 5/5
  1396 | D:2      | Found a runed door.
  1456 | D:2      | Reached skill level 6 in Polearms
  1606 | D:2      | Noticed Crazy Yiuf
  1616 | D:2      | Killed Crazy Yiuf
  1931 | D:3      | Reached skill level 1 in Armour
  2261 | D:3      | Reached XP level 6. HP: 37/46 MP: 6/6
  2336 | D:3      | Found a glowing drain.
  2358 | Sewer    | Entered a sewer
  2503 | Sewer    | Reached skill level 7 in Polearms
  2760 | Sewer    | Reached XP level 7. HP: 46/52 MP: 7/7
  2824 | Sewer    | Reached skill level 8 in Polearms
  4024 | D:4      | Noticed Duvessa
  4025 | D:4      | Noticed Dowan
  4293 | D:4      | Killed Dowan
  4303 | D:4      | Mangled by Duvessa

Skill      XL: |  1  2  3  4  5  6  7 |
---------------+----------------------+-----
Dodging        | 5 6 |  6.1
Polearms       | 5 6 7 8 |  8.7
Stealth        | 1 2 3 |  3.4
Armour         | 1 2 |  2.0
Fighting       | 3 4 |  4.1
Throwing       | |  2.0

Action                   |  1- 3 |  4- 6 |  7- 9 || total
-------------------------+-------+-------+-------++-------
Melee: Trident           |    79 |   258 |   155 ||   492
       Tailslap          |       |    14 |     3 ||    17
Throw: Throwing net      |       |     2 |     2 ||     4
  Use: Scroll            |       |       |     5 ||     5
       Potion            |       |       |     1 ||     1
 Stab: Sleeping          |     2 |     9 |     5 ||    16
       Held in net/web   |       |     2 |     1 ||     3
  Eat: Chunk             |       |     6 |     2 ||     8
       Bread ration      |       |       |     1 ||     1
Armor: Leather armour    |    24 |    44 |    25 ||    93
Dodge: Dodged            |    70 |   144 |    84 ||   298
